 Dungeon Crawl Stone Soup version 0.32-a0-673-g3729bd50f8 (webtiles) character file.

Game seed: 13019810816796302387

443 runemasterragnar the Charlatan (level 7, 0/69 HPs)
             Began as a Coglin Artificer on Mar 10, 2024.
             Was a Follower of Hepliaklqana.
             Slain by an orc warrior
             ... wielding a +0 glaive
              (14 damage)
             ... on level 4 of the Dungeon.
             The game lasted 00:03:20 (3215 turns).

runemasterragnar the Charlatan (Coglin Artificer)   Turns: 3215, Time: 00:03:21

Health: 0/69       AC: 23    Str: 15    XL:     7   Next: 2%
Magic:  7/7        EV:  2    Int: 10    God:    Hepliaklqana [*.....]
Gold:   115        SH:  0    Dex: 14    Spells: 6/6 levels left

rFire   . . .        v - +0 long sword {Suchat}
rCold   . . .        s - +1 dagger (venom) {Myungok}
rNeg    . . .        A - melded +0 scale mail
rPois   +            (helmet currently unavailable)
rElec   .            (cloak currently unavailable)
rCorr   .            t - melded +0 pair of gloves
SInv    .            (boots currently unavailable)
Will    .....        (no amulet)
Stlth   +            (no ring)
HPRegen 0.31/turn    (no ring)
MPRegen 0.10/turn    (no gizmo)

%: no passive effects
@: confused, tree-form, revved
A: stationary, stasis, torment immunity, boosted hp, reduced essence, off-hand
wielding, slow wielding, warmup strikes, (no jewellery), deterioration 1
a: Invent Gizmo, Renounce Religion, Recall Ancestor, Ancestor Identity


You were on level 4 of the Dungeon.
You worshipped Hepliaklqana.
Hepliaklqana was aware of your devotion.
You were a tree.
You visited 1 branch of the dungeon, and saw 4 of its levels.

You collected 164 gold pieces.
You spent 49 gold pieces at shops.

Inventory:

Hand Weapons
 a - a +0 club {Yeongsuk}
 f - a +0 dagger {Egbert}
 k - a +0 short sword of venom
 s - a +1 dagger of venom (offhand) {Myungok}
 v - a +0 long sword (weapon) {Suchat}
Missiles
 y - 4 javelins
Armour
 b - a +0 leather armour
 t - a +0 pair of gloves (melded)
 x - a +0 ring mail
 A - a +0 scale mail (melded)
Wands
 c - a wand of flame (15) (quivered)
 d - a wand of charming (15)
 e - a wand of iceblast (4)
 n - a wand of mindburst (18)
Scrolls
 h - a scroll of revelation {unknown}
 i - 2 scrolls of butterflies {unknown}
 j - a scroll of fear {unknown}
 m - 3 scrolls of identify {unknown}
 o - 2 scrolls of enchant weapon {unknown}
 p - a scroll of noise {unknown}
 q - 2 scrolls of immolation {unknown}
 r - a scroll of torment {unknown}
 w - a scroll of silence {unknown}
 z - a scroll of vulnerability {unknown}
 B - a scroll of teleportation {unknown}
 C - a scroll of enchant armour {unknown}
 D - 3 scrolls of fog {unknown}
 E - 2 scrolls of blinking {unknown}
Potions
 l - a potion of enlightenment {unknown}
 u - a potion of magic {unknown}


   Skills:
 + Level 3.3 Fighting
 * Level 3.2 Long Blades
 + Level 3.4 Armour
 - Level 0.8 Dodging
 - Level 0.7 Stealth
 + Level 6.3 Evocations


You had 6 spell levels left.
You didn't know any spells.
Your spell library contained the following spells:

 Spells                   Type           Power      Damage    Failure   Level
 Lesser Beckoning         Tloc           0%         N/A       50%         2
 Static Discharge         Conj/Air       0%         3-3/arc   50%         2
 Gell's Gravitas          Tloc           0%         N/A       75%         3
 Teleport Other           Tloc           0%         N/A       75%         3
 Tukima's Dance           Hex            0%         N/A       75%         3
 Airstrike                Air            0%         2d(0-16)  98%         4
 Passage of Golubria      Tloc           0%         N/A       98%         4
 Summon Lightning Spire   Summ/Air       0%         N/A       98%         4
 Iskenderun's Battlesphe  Conj           0%         2d6       100%        5
 Yara's Violent Unravell  Hex/Alch       0%         3d3       100%        5
 Bombard                  Conj/Erth      0%         9d1       100%        6
 Spellforged Servitor     Conj/Summ      0%         N/A       100%        7


Dungeon Overview and Level Annotations

Branches:
Dungeon (4/15)
 Temple: D:4-7

Altars:
Hepliaklqana
Trog
Uskayaw

Shops:
D:1 (


Innate Abilities, Weirdness & Mutations

You are a tree.
Your roots penetrate the ground, keeping you stationary.
You cannot be teleported.
You are immune to unholy pain and torment.
Your maximum health is greatly increased.
Your equipment is partially melded.
Your life essence is reduced to manifest your ancestor. (-10% HP)
You can wield a second weapon in your off-hand.
It takes a long time for you to wield or remove held weapons.
Your first few attacks do less damage.
((You cannot equip rings or amulets.))
Your body sometimes deteriorates upon taking damage.


Message History

Tocan closely misses the orc warrior.
You hit the orc warrior but do no damage.
The orc warrior is moderately wounded.
You hit the orc warrior but do no damage.
The orc warrior barely misses you.
The orc wizard gestures at you while chanting.
Tocan appears confused.
Unknown command.
You hit the orc warrior but do no damage.
The orc warrior is moderately wounded.
You hit the orc warrior but do no damage.
The orc warrior hits you with a +0 glaive!
The orc warrior closely misses you.
You hit the orc warrior with your +1 dagger of venom.
The orc warrior is moderately wounded.
You hit the orc warrior but do no damage.
Tocan closely misses the orc wizard.
The orc wizard casts a spell at you.
You are confused.
The orc warrior hits you with a +0 glaive!
* * * LOW HITPOINT WARNING * * *
Unknown command.
You turn into a tree.
Your +0 pair of gloves melds into your body.
Your +0 scale mail melds into your body.
Your roots penetrate the ground.
Tocan barely misses the orc wizard.
The orc wizard hits you but does no damage.
The orc warrior hits you but does no damage.
Unknown command.
You cannot move. (Use ctrl+direction or * direction to attack while stationary and confused.) Unknown command.
You cannot move. (Use ctrl+direction or * direction to attack while stationary and confused.)
Okay, then.
You barely miss the orc warrior with your +0 long sword.
The orc warrior is heavily wounded.
You miss the orc warrior with your +1 dagger of venom.
Tocan hits the orc wizard.
The orc wizard barely misses you.
The orc warrior hits you with a +0 glaive!
You die...
Hepliaklqana delivers you to your ancestors.

#....# #.#
#.. ######
#.# ### #.#
### #.# #..#
#.# #_).#
####.#
#....##....#
#..o##..##
#.o♣##.#
#∩#.R.#.#
##....#
##...# ##..#
####


You could see the friendly Tocan the ancestor (confused), an orc warrior (very
poisoned) and an orc wizard (ally target).

Vanquished Creatures
  Duvessa (D:4)
  Dowan (D:4)
  Terence (D:2)
  5 adders
  2 ribbon worms (D:2)
  3 dart slugs
  7 orcs
  7 ball pythons
  9 bats
  2 endoplasms
  A giant cockroach (D:4)
  14 goblins
  8 hobgoblins
  3 quokkas
  2 frilled lizards (D:2)
  3 kobolds
  8 rats
77 creatures vanquished.

Vanquished Creatures (collateral kills)
  A black bear (D:4)
  Ijyb (D:4)
  An adder (D:4)
  A hobgoblin (D:4)
4 creatures vanquished.

Grand Total: 81 creatures vanquished

Notes
Turn   | Place    | Note
-------+----------+-------------------------------------------
     0 | D:1      | runemasterragnar the Coglin Artificer began the quest for
                  | the Orb.
     0 | D:1      | Reached XP level 1. HP: 15/15 MP: 1/1
    64 | D:1      | Reached XP level 2. HP: 12/21 MP: 2/2
    87 | D:1      | HP: 1/21 [dart slug/slug dart (3)]
   673 | D:1      | Reached XP level 3. HP: 23/26 MP: 3/3
   947 | D:1      | Found Jyge's Weapon Shoppe.
  1136 | D:1      | Bought a +0 long sword for 49 gold pieces
  1161 | D:2      | Reached skill level 5 in Evocations
  1273 | D:2      | Noticed Terence
  1277 | D:2      | Killed Terence
  1278 | D:2      | Reached XP level 4. HP: 16/33 MP: 4/4
  1430 | D:2      | Found a hazy altar of Hepliaklqana.
  1441 | D:2      | Became a worshipper of Hepliaklqana the Forgotten
  1982 | D:3      | Reached XP level 5. HP: 37/39 MP: 5/5
  2042 | D:3      | Reached skill level 1 in Long Blades
  2197 | D:3      | Reached * piety under Hepliaklqana
  2532 | D:4      | Noticed Dowan
  2533 | D:4      | Noticed Duvessa
  2543 | D:4      | HP: 2/52 [poisoned by Duvessa]
  2547 | D:4      | Gained mutation: Your body sometimes deteriorates upon
                  | taking damage. [potion of mutation]
  2547 | D:4      | Killed Duvessa
  2548 | D:4      | Reached XP level 6. HP: 5/41 MP: 6/6
  2549 | D:4      | Killed Dowan
  2550 | D:4      | Reached skill level 6 in Evocations
  2836 | D:4      | Noticed Ijyb
  2844 | D:4      | Killed Ijyb
  2880 | D:4      | Noticed a black bear
  2886 | D:4      | Killed a black bear
  2950 | D:4      | Found a hide-covered altar of Uskayaw.
  3109 | D:4      | Reached XP level 7. HP: 46/46 MP: 7/7
  3203 | D:4      | Found a bloodstained altar of Trog.
  3215 | D:4      | Slain by an orc warrior

Illustrated notes

Levels and vault maps discovered:
D:1:      dpeg_arrival_short_road, layout_basic, serial_shops, shop,
          minmay_circled_x
D:2:      layout_loops_cross, basic_altar, minmay_tromino_i4, uniq_terence
D:3:      layout_basic
D:4:      layout_basic, nzn_overflow_gifts_of_might_and_magic,
          mainiacjoe_overflow_surrounded_room, uniq_ijyb, uniq_duvessa

Skill      XL: |  1  2  3  4  5  6 |
---------------+-------------------+-----
Armour         | 2 3 |  3.4
Evocations     | 5 6 |  6.3
Fighting       | 2 3 |  3.3
Long Blades    | 2 3 |  3.2
Dodging        | |  0.8
Stealth        | |  0.7

Action                     |  1- 3 |  4- 6 |  7- 9 || total
---------------------------+-------+-------+-------++-------
  Melee: Club              |    56 |       |       ||    56
         Dagger            |    71 |    89 |    16 ||   176
         Long sword        |    15 |    88 |    15 ||   118
  Evoke: Wand              |       |     1 |       ||     1
    Use: Potion            |       |     7 |     1 ||     8
   Stab: Sleeping          |     2 |       |       ||     2
 Armour: Leather armour    |    66 |    10 |       ||    76
         Ring mail         |       |    24 |       ||    24
         Scale mail        |       |    40 |     9 ||    49
         Skin              |       |    24 |     3 ||    27
  Dodge: Dodged            |    44 |    54 |    10 ||   108

Table legend: (Time is in decaauts)
 A = Elapsed time spent in this place.
 B = Non-inter-level travel time spent in this place.
 C = Inter-level travel time spent in this place.
 D = Time resting spent in this place.
 E = Time spent auto-exploring this place.
 F = Levels seen in this place.
 G = Mean time per level.
                   A        B        C        D        E       F      G
               +--------+--------+--------+--------+--------+-----+--------+
         Total |   3242 |   3085 |    157 |    213 |   2292 |   4 |  810.5 |
       Dungeon |   3242 |   3085 |    157 |    213 |   2292 |   4 |  810.5 |
               +--------+--------+--------+--------+--------+-----+--------+

Top non-repeatable levels by time:
     D:1: 1161 daAuts
     D:2: 771 daAuts
     D:4: 688 daAuts
     D:3: 621 daAuts
